 Dungeon Crawl Stone Soup version 0.19-a0-994-g3c636f0 (webtiles) character file.

163 matakusis the Ducker (level 5, -3/41 HPs)
             Began as a Demonspawn Gladiator on July 17, 2016.
             Slain by Grinder (4 damage)
             ... while paralysed by something
             ... on level 3 of the Dungeon.
             The game lasted 00:06:44 (2148 turns).

matakusis the Ducker (Demonspawn Gladiator)         Turns: 2148, Time: 00:06:45

Health: -3/41      AC:  6    Str: 16    XL:     5   Next: 20%
Magic:  5/5        EV:  2    Int:  9    God:
Gold:   77         SH:  0    Dex: 14    Spells: 0 memorised, 4 levels left

rFire  . . .     SeeInvis .     a - +0 long sword
rCold  . . .     Gourm    .     b - +0 leather armour
rNeg   . . .     Faith    .     (no shield)
rPois  .         Spirit   .     c - +0 helmet
rElec  .         Dismiss  .     (no cloak)
rCorr  .         Reflect  .     (no gloves)
SustAt .         Harm     .     q - +0 pair of boots
MR     .....                    (no amulet)
Stlth  +.........               (no ring)
                                (no ring)

@: paralysed, not resistant to hostile enchantments, very unstealthy
A: rugged brown scales 1, blink, demonic guardian 1
a: Blink


You were on level 3 of the Dungeon.
You were not hungry.

You visited 1 branch of the dungeon, and saw 3 of its levels.

You collected 77 gold pieces.

Inventory:

Hand Weapons
 a - a +0 long sword (weapon)
Missiles
 d - 3 throwing nets (quivered)
Armour
 b - a +0 leather armour (worn)
 c - a +0 helmet (worn)
 q - a +0 pair of boots (worn)
Scrolls
 k - a scroll of amnesia {unknown}
 l - a scroll of identify
 n - a scroll of immolation {unknown}
Potions
 e - 2 potions of invisibility
 g - 2 potions of lignification
 j - 2 potions of curing
 m - a potion of magic
Comestibles
 f - 2 bread rations
 h - a meat ration
 i - 14 chunks of flesh


   Skills:
 * Level 2.9 Fighting
 + Level 3.4 Long Blades
 - Level 1.7 Throwing
 + Level 1.3 Armour
 * Level 4.1 Dodging


You had 4 spell levels left.
You didn't know any spells.

Dungeon Overview and Level Annotations

Branches:
Dungeon (3/15)

Altars:
Kikubaaqudgha
Qazlal

Annotations:
D:3 Grinder


Innate Abilities, Weirdness & Mutations

You are partially covered in rugged brown scales. (AC +1, +3% HP)
A weak demonic guardian rushes to your aid.
You can translocate small distances at will.


Message History

Something hits you.
You writhe in agony.
Things that are here:
a falchion of holy wrath; a chain mail; a chunk of flesh You start resting.
Something completely misses you.
You start resting.
Something hits you.
You writhe in agony. x2
You closely miss something. Something hits you!
You writhe in agony.
You hit something. Something hits you but does no damage.
You hit something but do no damage. Something hits you but does no damage.
Something hits you!
* * * LOW HITPOINT WARNING * * *
You writhe in agony.
* * * LOW HITPOINT WARNING * * *
A rat comes into view.
You suddenly lose the ability to move!
Something hits you but does no damage.
Something tries to affect you, but you resist.
Something hits you.
* * * LOW HITPOINT WARNING * * *
You writhe in agony.
You die...

####### ..(...# ##.#
#.###### ########
##..###......# .......#
##...#.....##.#
######.#####......รท...#..
#..>.................
#######....@.....#...#
##...#..........
###.###.#.#...# ########
#.# #.#.##.## .......# #.#
#.#.# .# ######.# #.# .#
#.# #)# #)# #.# #(# #.#


There were no monsters in sight!

Vanquished Creatures
  A vampire bat (D:2)
  Terence (D:3)
  3 adders (D:2)
  An ooze (D:3)
  A dart slug (D:2)
  2 ball pythons
  A bat skeleton (D:2)
  5 bat zombies (D:2)
  8 giant cockroaches
  7 goblins
  5 hobgoblins
  7 jackals
  A quokka (D:3)
  11 bats
  4 giant newts
  2 kobolds
  2 rats (D:2)
62 creatures vanquished.

Vanquished Creatures (others)
  A hobgoblin (D:2)
1 creature vanquished.

Grand Total: 63 creatures vanquished

Notes
Turn   | Place    | Note
-------+----------+-------------------------------------------
     0 | D:1      | matakusis the Demonspawn Gladiator began the quest for the Orb.
     0 | D:1      | Reached XP level 1. HP: 16/16 MP: 1/1
   346 | D:1      | Gained mutation: A weak demonic guardian rushes to your aid. [demonic ancestry]
   346 | D:1      | Reached XP level 2. HP: 14/22 MP: 2/2
   744 | D:1      | You fall through a shaft!
   744 | D:2      | Found a stormy altar of Qazlal.
   765 | D:2      | Reached skill level 3 in Dodging
   921 | D:2      | Reached XP level 3. HP: 18/28 MP: 3/3
  1497 | D:2      | Reached skill level 1 in Armour
  1599 | D:2      | Gained mutation: You are partially covered in rugged brown scales. (AC +1, +3% HP) [demonic ancestry]
  1599 | D:2      | Reached XP level 4. HP: 28/35 MP: 4/4
  1704 | D:2      | Found an ancient bone altar of Kikubaaqudgha.
  2018 | D:3      | Reached XP level 5. HP: 41/41 MP: 5/5
  2022 | D:3      | Gained mutation: Armour fits poorly on your strangely shaped body. [potion of mutation]
  2022 | D:3      | Gained mutation: Your magical capacity is low. (-10% MP) [potion of mutation]
  2022 | D:3      | Gained mutation: You can translocate small distances at will. [potion of mutation]
  2024 | D:3      | Lost mutation: Your magical capacity is low. (-10% MP) [potion of cure mutation]
  2024 | D:3      | Lost mutation: Armour fits poorly on your strangely shaped body. [potion of cure mutation]
  2085 | D:3      | Reached skill level 4 in Dodging
  2105 | D:3      | Noticed Grinder
  2108 | D:3      | Paralysed by Grinder for 2 turns
  2109 | D:3      | Noticed Terence
  2127 | D:3      | Killed Terence
  2144 | D:3      | Paralysed by something for 6 turns
  2148 | D:3      | HP: 1/41 [something (5)]
  2148 | D:3      | Slain by Grinder

Vault maps used:
D:1:      dpeg_arrival_three_same_balls
D:2:      lemuel_crystal_altar, kennysheep_vampire_church, lemuel_old_faithful
D:3:      lemuel_statue_altar, uniq_grinder, uniq_terence

Skill      XL: |  1  2  3  4  5 |
---------------+----------------+-----
Long Blades    | 3 |  3.4
Dodging        | 3 4 |  4.1
Armour         | 1 |  1.3
Fighting       | |  2.9
Throwing       | |  1.7

Action                   |  1- 3 |  4- 6 || total
-------------------------+-------+-------++-------
Melee: Long sword        |   127 |   129 ||   256
  Use: Scroll            |       |     8 ||     8
       Potion            |       |     3 ||     3
 Stab: Sleeping          |       |     1 ||     1
  Eat: Chunk             |     2 |     2 ||     4
Armor: Leather armour    |    25 |    42 ||    67
Dodge: Dodged            |    78 |    90 ||   168
